 Dungeon Crawl Stone Soup version 0.29.1-15-g9cfb28693d (webtiles) character file.

Game seed: 14595776892066026453

711 adizb the Chopper (level 7, -6/60 HPs)
             Began as a Demigod Fighter on Apr 18, 2023.
             Mangled by an orc warrior
             ... wielding a +1 vampiric battleaxe
              (14 damage)
             ... on level 5 of the Dungeon.
             The game lasted 00:11:41 (2857 turns).

adizb the Chopper (Demigod Fighter)                 Turns: 2857, Time: 00:11:41

Health: -6/60      AC: 10    Str: 31    XL:     7   Next: 17%
Magic:  1/9        EV:  9    Int: 10    God:
Gold:   210        SH:  4    Dex: 13    Spells: 6/6 levels left

rFire   . . .      SeeInvis .   a - +1 war axe
rCold   . . .      Faith    .   c - +0 buckler
rNeg    + . .      Spirit   .   b - +1 scale mail
rPois   .          Reflect  .   u - +0 helmet
rElec   .          Harm     .   (no cloak)
rCorr   .          Rampage  .   (no gloves)
Will    .....                   (no boots)
Stlth   ..........              (no amulet)
HPRegen 0.20/turn               m - +6 ring of strength
MPRegen 0.11/turn               o - ring of positive energy

@: mighty
A: high MP 1, forlorn, divine attributes, shaggy fur 1, MP-powered wands
a: no special abilities


You were on level 5 of the Dungeon.
You visited 1 branch of the dungeon, and saw 5 of its levels.

You collected 210 gold pieces.

Inventory:

Hand Weapons
 a - a +1 war axe (weapon)
Missiles
 j - 2 silver javelins
Armour
 b - a +1 scale mail (worn)
 c - a +0 buckler (worn)
 u - a +0 helmet (worn)
Jewellery
 m - a +6 ring of strength (left hand)
 o - a ring of positive energy (right hand)
Wands
 f - a wand of roots (9)
 t - a wand of mindburst (8) (quivered)
Scrolls
 k - 3 scrolls of teleportation
 p - a scroll of magic mapping
 q - a scroll of fog {unknown}
 s - a scroll of amnesia {unknown}
Potions
 e - 2 potions of ambrosia {unknown}
 h - a potion of mutation
 i - a potion of magic {unknown}
 l - a potion of attraction {unknown}
 n - a potion of lignification {unknown}


   Skills:
 + Level 4.5 Fighting
 * Level 5.5 Axes
 + Level 4.5 Armour
 - Level 2.6 Shields


You had 6 spell levels left.
You didn't know any spells.
Your spell library contained the following spells:

 Spells                   Type           Power      Damage    Failure   Level
 Ensorcelled Hibernation  Hex/Ice        0%         N/A       83%         2
 Passwall                 Tmut/Erth      0%         N/A       83%         2
 Swiftness                Air            0%         N/A       96%         3


Dungeon Overview and Level Annotations

Branches:
Dungeon (5/15)             Temple (0/1) D:4


Innate Abilities, Weirdness & Mutations

You have an increased reservoir of magic. (+10% MP)
You shall have no god before yourself.
Your divine heritage dramatically boosts your attributes as you level up.
You are covered in fur. (AC +1)
You expend magic power (3 MP) to strengthen your wands.


Message History

Aim: a troll (chance to affect: 71%)
You feel a surge of power!
The troll's mind is blasted!!
Aiming: Mindburst
Press: ? - help, Q - select action, (/) - cycle Shift-Dir - straight line, f/p - troll
Aim: a troll (heavily wounded, chance to affect: 71%)
You feel a slight surge of power.
The troll's mind is blasted!
The troll bites you!
The troll claws you but does no damage. x2
Aiming: Mindburst
Press: ? - help, Q - select action, (/) - cycle Shift-Dir - straight line, f/p - troll
Aim: a troll (severely wounded, chance to affect: 69%)
The troll's mind is blasted!!
You blow up the troll!
You have reached level 7!
Aiming: Mindburst
Press: ? - help, Q - select action, (/) - cycle Shift-Dir - straight line, f - orc warrior
Aim: an orc warrior, wielding a +1 vampiric battleaxe and wearing a +0 chain mail (chance to affect: 64%)
The orc warrior's mind is blasted!
The orc warrior barely misses you.
You hit the orc warrior but do no damage.
The orc warrior is moderately wounded.
The orc warrior completely misses you.
You closely miss the orc warrior.
The orc warrior is moderately wounded.
The orc warrior hits you with a +1 vampiric battleaxe!
The orc warrior draws strength from your wounds!
Really read the scroll of poison?
The air fills with toxic fumes!
As you read the scroll of poison, it crumbles to dust.
The orc warrior hits you with a +1 vampiric battleaxe!!
* * * LOW HITPOINT WARNING * * *
The orc warrior draws strength from your wounds!
You feel very mighty all of a sudden. The orc warrior closely misses you.
You closely miss the orc warrior.
The orc warrior hits you with a +1 vampiric battleaxe.
* * * LOW HITPOINT WARNING * * *
You block the orc warrior's attack.
You barely miss the orc warrior.
The orc warrior hits you with a +1 vampiric battleaxe!
You die...

######.#.#
#... ##
#..#.# #..#
#§ ##.###
#..# #§
#..# ....#
#§ ##.#
##...# #§
#..# #...#
#§#####.#.#
#.#.#
#o#§§§###.#
....
#§@§#..#..#
##§###...##
### #####


You could see an orc warrior.

Vanquished Creatures
  A troll (D:5)
  2 ogres
  A hound (D:4)
  A gnoll bouda (D:5)
  4 iguanas
  An orc wizard (D:4)
  4 gnolls (D:5)
  3 adders
  A dart slug (D:2)
  5 orcs (D:4)
  3 bats
  4 endoplasms
  2 giant cockroaches
  3 goblins
  4 hobgoblins
  6 jackals
  6 kobolds
  4 quokkas
  2 ball pythons
  2 frilled lizards
  3 rats
62 creatures vanquished.

Notes
Turn   | Place    | Note
-------+----------+-------------------------------------------
     0 | D:1      | adizb the Demigod Fighter began the quest for the Orb.
     0 | D:1      | Reached XP level 1. HP: 18/18 MP: 3/3
   121 | D:1      | Reached skill level 2 in Axes
   213 | D:1      | Reached XP level 2. HP: 18/25 MP: 4/4
   880 | D:2      | Reached XP level 3. HP: 28/31 MP: 5/5
   929 | D:3      | Gained mutation: You expend magic power (3 MP) to
                  | strengthen your wands. [potion of mutation]
   929 | D:3      | Gained mutation: You are covered in fur. (AC +1) [potion of
                  | mutation]
  1395 | D:3      | Reached skill level 3 in Axes
  1561 | D:4      | Reached XP level 4. HP: 38/38 MP: 6/6
  1570 | D:4      | Noticed an ogre
  1582 | D:4      | Killed an ogre
  1583 | D:4      | Reached XP level 5. HP: 45/45 MP: 7/7
  1709 | D:4      | Reached skill level 4 in Axes
  1728 | D:4      | Found a staircase to the Ecumenical Temple.
  2183 | D:5      | Entered Level 5 of the Dungeon
  2197 | D:5      | Reached XP level 6. HP: 19/52 MP: 8/8
  2522 | D:5      | HP: 2/52 [ogre/+0 giant spiked club (29)]
  2529 | D:5      | Reached skill level 5 in Axes
  2847 | D:5      | Noticed a troll
  2850 | D:5      | Killed a troll
  2851 | D:5      | Reached XP level 7. HP: 42/60 MP: 0/9
  2857 | D:5      | Mangled by an orc warrior

Illustrated notes

Levels and vault maps discovered:
D:1:      giann_bridges, layout_rooms, chequers_ecumenical_altar_grove
D:2:      layout_rooms
D:3:      layout_loops_ring, nicolae_ru_path_of_blood
D:4:      layout_gridville, mainiacjoe_overflow_alcove_2,
          minmay_temple_entry_tees
D:5:      layout_basic, minmay_small_thing

Skill      XL: |  1  2  3  4  5  6 |
---------------+-------------------+-----
Axes           | 2 3 4 5 |  5.5
Fighting       | 3 4 |  4.5
Armour         | 3 4 |  4.5
Shields        | |  2.6

Action                   |  1- 3 |  4- 6 |  7- 9 || total
-------------------------+-------+-------+-------++-------
Melee: War axe           |   107 |    80 |     4 ||   191
Throw: Javelin           |       |     3 |       ||     3
       Throwing net      |       |     1 |       ||     1
Evoke: Wand              |       |     3 |     1 ||     4
  Use: Scroll            |     8 |       |     1 ||     9
       Potion            |     2 |     3 |     1 ||     6
Armor: Scale mail        |    52 |    28 |       ||    80
Dodge: Dodged            |    49 |    31 |     3 ||    83
Block: Buckler           |    20 |    15 |     1 ||    36
